 Dungeon Crawl Stone Soup version 0.18.1-47-g9310371 (webtiles) character file.

172 Krovax999 the Ruffian (level 5, -8/52 HPs)
             Began as a Troll Monk on June 22, 2016.
             Was a Believer of Qazlal.
             Killed by divine providence
             ... invoked by an orc priest
              (9 damage)
             ... on level 4 of the Dungeon.
             The game lasted 00:11:00 (1095 turns).

Krovax999 the Ruffian (Troll Monk)                  Turns: 1095, Time: 00:11:01

Health: -8/52      AC:  6    Str: 19    XL:     5   Next: 27%
Magic:  4/4        EV: 11    Int:  6    God:    Qazlal [**....]
Gold:   116        SH:  3    Dex: 13    Spells: 0 memorised, 4 levels left

rFire  . . .     SeeInvis .       - Unarmed
rCold  . . .     Gourm    +     a - +0 robe
rNeg   . . .     Faith    .     (no shield)
rPois  .         Spirit   .     (helmet restricted)
rElec  .         Dismiss  .     m - +0 cloak
rCorr  .         Reflect  .     (gloves unavailable)
SustAt .         Harm     .     (boots unavailable)
MR     .....                    (no amulet)
Stlth  +.........               (no ring)
                                (no ring)

@: flying, not resistant to hostile enchantments, very unstealthy
A: unfitting armour, claws 3, fast metabolism 3, gourmand, regeneration 2,
shaggy fur 1, tough skin 2
a: Upheaval, Renounce Religion


You were on level 4 of the Dungeon.
You worshipped Qazlal.
Qazlal was pleased with you.
You were very full.

You visited 1 branch of the dungeon, and saw 4 of its levels.

You collected 116 gold pieces.

Inventory:

Armour
 a - a +0 robe (worn)
 m - a +0 cloak (worn)
Wands
 r - a wand of slowing (29/48)
Scrolls
 c - a scroll of remove curse {unknown}
 e - a scroll of amnesia {unknown}
 f - 2 scrolls of immolation {unknown}
 g - a scroll of fear {unknown}
 h - a scroll of enchant armour {unknown}
 n - 2 scrolls of identify {unknown}
 q - a scroll of teleportation {unknown}
Potions
 d - a potion of curing {unknown}
 i - a potion of flight
 j - a potion of might {unknown}
 l - a potion of brilliance {unknown}
 o - a potion of agility {unknown}
 p - a potion of lignification {unknown}
Comestibles
 b - 3 bread rations
 k - a meat ration


   Skills:
 + Level 2.9 Fighting
 + Level 3.5 Dodging
 - Level 1.1 Stealth
 + Level 5.3 Unarmed Combat


You had 4 spell levels left.
You didn't know any spells.

Dungeon Overview and Level Annotations

Branches:
Dungeon (4/15)             Temple (0/1) D:4

Altars:
Qazlal


Innate Abilities, Weirdness & Mutations

You are too large for most types of armour.
You have claws for hands.
Your metabolism is lightning-fast.
You like to eat raw meat.
You heal very quickly.
You are covered in fur (AC +1).
You have very tough skin (AC +2).


Message History

You block the orc priest's attack. The orc priest closely misses you.
The orc priest calls upon Beogh to heal the orc.
The orc's wounds heal themselves!
The orc misses you.
You open the door. The orc hits you.
* * * LOW HITPOINT WARNING * * *
The worm bites you.
* * * LOW HITPOINT WARNING * * *
Found a beef jerky.
Found a stone staircase leading up.
A hound skeleton comes into view.
There is an open door here.
It was a potion of flight.
You feel very buoyant.
You fly up into the air.
The hobgoblin hits you with a club.
* * * LOW HITPOINT WARNING * * *
The orc barely misses you.
The orc priest calls down the wrath of Beogh upon you.
Beogh smites you!
You die...

... ... #.. #+#
#..####<.###.
#.Z..........
#............
#...ยง.%......
+....@.......
..#####g##..###
......oo.# #
.......w.#
......?w.# #
#........# .#
#........#..#...
#.......<.......
#.........8.8.8.


You could see a worm, an orc priest, a dart slug, an orc, a hobgoblin and a
hound skeleton.

Vanquished Creatures
  Crazy Yiuf (D:2)
  Natasha (thrice) (D:2)
  Robin (D:2)
  An adder (D:3)
  An ooze (D:2)
  A dart slug (D:2)
  A giant gecko (D:2)
  An orc (D:3)
  2 giant cockroaches (D:2)
  9 goblins
  8 hobgoblins
  2 quokkas (D:2)
  2 ball pythons
  4 bats
  A giant newt (D:3)
  3 kobolds
41 creatures vanquished.

Notes
Turn   | Place    | Note
--------------------------------------------------------------
     0 | D:1      | Krovax999 the Troll Monk began the quest for the Orb.
     0 | D:1      | Reached XP level 1. HP: 22/22 MP: 0/0
   475 | D:2      | Reached XP level 2. HP: 29/29 MP: 1/1
   554 | D:2      | Noticed Robin
   580 | D:2      | Killed Robin
   580 | D:2      | Reached XP level 3. HP: 9/36 MP: 2/2
   649 | D:2      | Found a stormy altar of Qazlal.
   705 | D:2      | Became a worshipper of Qazlal Stormbringer
   705 | D:2      | Reached * piety under Qazlal
   705 | D:2      | Reached ** piety under Qazlal
   789 | D:2      | Noticed Natasha
   798 | D:2      | Killed Natasha
   798 | D:2      | Reached skill level 5 in Unarmed Combat
   798 | D:2      | Reached XP level 4. HP: 26/44 MP: 3/3
   816 | D:2      | Noticed Natasha
   822 | D:2      | Killed Natasha
   946 | D:2      | Noticed Natasha
   949 | D:2      | Killed Natasha
   972 | D:2      | Noticed Crazy Yiuf
   976 | D:2      | Killed Crazy Yiuf
   976 | D:2      | Reached XP level 5. HP: 52/52 MP: 4/4
  1084 | D:3      | HP: 2/52 [orc priest/club (4)]
  1085 | D:4      | Found a staircase to the Ecumenical Temple.
  1092 | D:4      | HP: 2/52 [worm (3)]
  1095 | D:4      | Killed from afar by an orc priest

Skill      XL: |  1  2  3 |
---------------+----------+-----
Dodging        | 3 |  3.5
Unarmed Combat | 5 |  5.3
Fighting       | |  2.9
Stealth        | |  1.1

Action                   |  1- 3 |  4- 6 || total
-------------------------+-------+-------++-------
Melee: Unarmed           |    77 |    18 ||    95
       Punch             |     3 |       ||     3
  Use: Potion            |       |     1 ||     1
 Stab: Sleeping          |     1 |       ||     1
  Eat: Chunk             |    13 |     2 ||    15
Armor: Robe              |    32 |     6 ||    38
Dodge: Dodged            |    38 |    10 ||    48
Block: Other             |       |     2 ||     2
